 Dungeon Crawl Stone Soup version 0.22-a0-448-g1fb7470005 (webtiles) character file.

69 Oravi the Changer (level 4, -12/32 HPs)
             Began as a Merfolk Transmuter on June 4, 2018.
             Mangled by an ogre
             ... wielding a +0 giant club
              (27 damage)
             ... on level 3 of the Dungeon.
             The game lasted 00:02:33 (1329 turns).

Oravi the Changer (Merfolk Transmuter)              Turns: 1329, Time: 00:02:33

Health: -12/32     AC:  2    Str: 10    XL:     4   Next: 20%
Magic:  4/7        EV: 21    Int: 13    God:
Gold:   56         SH:  0    Dex: 19    Spells: 1/7 levels left

rFire    . . .     SeeInvis .     - Unarmed
rCold    . . .     Gourm    .   (shield currently unavailable)
rNeg     . . .     Faith    .   (armour currently unavailable)
rPois    .         Spirit   .   (helmet currently unavailable)
rElec    .         Reflect  .   (cloak currently unavailable)
rCorr    .         Harm     .   (gloves currently unavailable)
MR       .....                  (boots currently unavailable)
Stlth    ++........             (no amulet)
HPRegen  0.10/turn              h - ring of poison resistance
MPRegen  0.10/turn              (no ring)

@: spider-form
A: tiny, (change form in water), (swift swim), (stealthy swim)
a: End Transformation


You were on level 3 of the Dungeon.
You were not hungry.
You were a venomous arachnid creature.
You visited 1 branch of the dungeon, and saw 4 of its levels.

You collected 56 gold pieces.

Inventory:

Missiles
 a - 12 arrows
Armour
 b - a +0 robe (melded)
Jewellery
 h - a ring of poison resistance (left front leg)
Scrolls
 c - 2 scrolls of teleportation {unknown}
 f - a scroll of noise {unknown}
 g - a scroll of identify {unknown}
 j - 2 scrolls of immolation {unknown}
Potions
 e - 3 potions of curing {unknown}
 i - a potion of haste {unknown}
 k - a potion of brilliance {unknown}
 l - 2 potions of heal wounds {unknown}
Comestibles
 d - 5 rations
 m - a chunk of flesh


   Skills:
 - Level 1.1 Fighting
 - Level 2.6 Dodging
 - Level 3.2 Unarmed Combat
 - Level 2.0 Spellcasting
 + Level 5.2 Transmutations
 + Level 1.7 Poison Magic


You had one spell level left.
You knew the following spells:

 Your Spells              Type           Power        Failure   Level  Hunger
a - Beastly Appendage     Tmut           ##....       11%         1    ##.....
b - Sticks to Snakes      Tmut           ##......     14%         2    ###....
c - Spider Form           Tmut/Pois      ##........   38%         3    ####...

Your spell library contained the following spells:

 Spells                   Type           Power        Failure   Level  Hunger
 Blade Hands              Tmut           ##........   82%         5    ######.
 Ice Form                 Ice/Tmut       #.......     83%         4    #####..


Dungeon Overview and Level Annotations

Branches:
Dungeon (4/15)
 Temple: D:4-7

Altars:


Message History

The ogre misses you. A mysterious force pulls you upwards.
The hatch slams shut behind you.
A ball python comes into view.
Found a silvery potion and a sapphire potion.
Casting: Spider Form (safe; 19% risk of failure)
Confirm with . or Enter, or press ? or * to list all spells.
You turn into a venomous arachnid creature.
Your +0 robe melds into your body.
The ogre hits you with a giant club!
You are too injured to fight recklessly!
You are too injured to fight recklessly!
You hit the ogre.
The ogre is lightly wounded.
You bite the ogre!
The ogre is poisoned.
The ogre is heavily wounded.
The ogre completely misses you.
You barely miss the ogre.
The ogre is heavily wounded.
The ogre hits you with a giant club!!
Ouch! That really hurt!
You die...

...#... #######
....... ......#
....... ......+
.......#......#
.............
...........##.#
..............#
!......s......#
........O.....#
.#####........#
#!........
#.......##
#.S.....#
........#
#.......#


You could see an ogre and a ball python (sleeping).

Vanquished Creatures
  4 gnolls (D:2)
  An adder (D:2)
  A dart slug (D:2)
  2 bats
  A giant cockroach (D:1)
  2 goblins (D:1)
  2 hobgoblins
  4 kobolds
  A frilled lizard (D:2)
  5 rats (D:1)
23 creatures vanquished.

Notes
Turn   | Place    | Note
-------+----------+-------------------------------------------
     0 | D:1      | Oravi the Merfolk Transmuter began the quest for the Orb.
     0 | D:1      | Reached XP level 1. HP: 15/15 MP: 3/3
    30 | D:1      | Reached skill level 3 in Transmutations
   128 | D:1      | Reached XP level 2. HP: 17/21 MP: 3/5
   319 | D:1      | Reached skill level 4 in Transmutations
   627 | D:2      | Reached XP level 3. HP: 26/26 MP: 4/6
   631 | D:2      | Learned a level 2 spell: Sticks to Snakes
   635 | D:2      | Learned a level 3 spell: Spider Form
   909 | D:2      | Reached skill level 1 in Poison Magic
   917 | D:2      | Reached skill level 5 in Transmutations
   929 | D:2      | Reached XP level 4. HP: 8/32 MP: 2/7
  1319 | D:2      | You fall through a shaft for 2 floors!
  1319 | D:4      | Noticed an ogre
  1329 | D:3      | Mangled by an ogre

Vault maps used:
D:1:      shiori_arrival_maze, lemuel_another_geyser
D:2:      fedhas_altar_4, cheibriados_altar_1
D:3:      minmay_roachtagon, chequers_ecumenical_altar_simple_redux, uniq_robin,
          uniq_natasha, uniq_crazy_yiuf_cottage
D:4:      first_ration, nemelex_diamond_rough_becter, uniq_menkaure

Skill      XL: |  1  2  3 |
---------------+----------+-----
Transmutations | 3 4 5 |  5.2
Poison Magic   | 1 |  1.7
Fighting       | |  1.1
Dodging        | |  2.6
Unarmed Combat | |  3.2
Spellcasting   | |  2.0

Action                   |  1- 3 |  4- 6 || total
-------------------------+-------+-------++-------
Melee: Unarmed           |    76 |     7 ||    83
       Headbutt          |     7 |       ||     7
 Cast: Beastly Appendage |    14 |     1 ||    15
       Spider Form       |     3 |     2 ||     5
  Eat: Chunk             |       |     2 ||     2
Armor: Robe              |    12 |       ||    12
       Skin              |     1 |       ||     1
Dodge: Dodged            |    43 |     5 ||    48

Table legend:
 A = Spawn XP
 B = Non-spawn XP
 C = Spawn XP percentage of total XP
 D = Spawn monster count
 E = Non-spawn monster count
 F = Spawn count percentage of total count
 G = Total turns spent on level
                    A         B        C        D         E        F      G
               +---------+---------+-------+---------+---------+-------+---------
         Total |       0 |      99 |   0.0 |       0 |      23 |   0.0 |  1329
               +---------+---------+-------+---------+---------+-------+---------
           D:1 |       0 |      20 |   0.0 |       0 |      13 |   0.0 |   531
           D:2 |       0 |      79 |   0.0 |       0 |      10 |   0.0 |   788
               +---------+---------+-------+---------+---------+-------+---------
